Map: Turbo Cruise '84 LE

Players

EGSoeting - Winner!

  • Race: Protoss Protoss
  • League: Platinum
  • Spawn Location: 7:00

sandboX

  • Race: Zerg Zerg
  • League: Gold
  • Spawn Location: 3:00

VOD

Have the link to the VOD?

Description

Time

  • Played on: Aug. 15, 2019, 1:34 a.m.
  • Length: 7:33
Show
View Real Time Build Order
Export as new Build Order

EGSoeting Protoss - Winner!

Build Orders:  

Get SALT Encoding   

  12  0:01  Probe  
  13  0:13  Probe  
  14  0:21  Pylon  
  14  0:25  Probe  
  15  0:39  Probe  
  15  0:42  Gateway  
  16  0:51  Probe  
  17  0:58  Pylon  
  17  1:02  Assimilator, Probe  
  17  1:10  Probe  
  19  1:21  Probe  
  20  1:32  Cybernetics Core  
  20  1:33  Probe  
  21  1:45  Probe, Gateway x2  
  22  1:57  Probe  
  22  1:59  Warp Gate  
  23  2:09  Probe  
  23  2:13  Assimilator  
  24  2:23  Twilight Council  
  24  2:26  Probe  
  24  2:27  Zealot  
  27  2:33  Pylon  
  27  2:35  Pylon  
  27  2:38  Probe  
  28  2:45  Zealot  
  28  2:50  Probe, Charge  
  31  2:52  Zealot  
  33  3:02  Probe  
  34  3:05  Pylon  
  34  3:15  Probe  
  35  3:24  Pylon  
  35  3:34  Probe  
  36  3:48  Zealot  
  38  3:49  Zealot x2  
  42  4:01  Zealot x3  
  42  4:04  Pylon  
  41  4:22  Zealot x3, Gateway  
  43  4:47  Pylon  
  43  4:53  Zealot x3  
  41  5:18  Zealot x4  
  49  5:21  Probe  
  50  5:34  Probe  
  47  5:38  Nexus  
  47  5:40  Pylon  
  47  5:41  Pylon  
  41  5:53  Zealot x4  
  49  6:05  Probe  
  48  6:21  Zealot x4  
  52  6:31  Probe  
  51  6:54  Zealot x4  
  49  7:19  Zealot x4  
Show
View Real Time Build Order
Export as new Build Order

sandboX Zerg 

Build Orders: Hatch First 

Get SALT Encoding   

  12  0:01  Drone  
  13  0:12  Overlord  
  13  0:20  Drone  
  14  0:30  Drone x2  
  14  0:33  Drone  
  17  0:53  Hatchery  
  16  0:58  Drone  
  16  1:00  Drone  
  16  1:04  Extractor  
  17  1:11  Drone  
  18  1:20  Spawning Pool  
  17  1:31  Drone x2  
  19  1:48  Overlord  
  19  2:07  Zergling x4  
  19  2:08  Queen x2  
  25  2:23  Drone x4  
  29  2:33  Drone  
  29  2:34  Drone  
  31  2:51  Hatchery  
  31  2:55  Drone  
  31  2:56  Drone  
  32  2:59  Drone  
  33  3:11  Overlord x2  
  33  3:13  Drone  
  33  3:16  Drone  
  35  3:20  Drone  
  36  3:41  Drone x6  
  42  3:46  Roach Warren  
  41  3:51  Extractor  
  41  3:53  Drone x4  
  41  3:54  Drone  
  41  3:55  Extractor  
  44  4:06  Zergling x10  
  49  4:19  Drone x3  
  52  4:28  Lair  
  51  4:35  Evolution Chamber x2  
  51  4:36  Zergling x8  
  47  4:52  Queen  
  47  4:58  Queen  
  41  5:00  Roach  
  41  5:01  Roach x4  
  42  5:08  Roach x2  
  47  5:21  Roach x3  
  45  5:37  Roach  
  39  5:45  Roach  
  35  5:58  Roach x3  
  32  6:24  Roach x6  
  34  6:35  Roach x2  
  37  6:47  Roach x2  
  31  7:04  Roach x3  
  33  7:13  Roach  
Tags
 
Add a new tag
Caveats
  • Supply blocks, unpowered buildings, or Contaminate may cause inaccurate times.
  • Supply counts are checked every 10 seconds.